 Dungeon Crawl Stone Soup version 0.19-a0-1903-gead39cf (webtiles) character file.

292 LORDOFBUTT the Covered (level 6, -1/47 HPs)
             Began as a Minotaur Fighter on Oct 20, 2016.
             Was a Follower of Hepliaklqana.
             Slain by a centaur (7 damage)
             ... on level 5 of the Dungeon.
             The game lasted 00:02:28 (2518 turns).

LORDOFBUTT the Covered (Minotaur Fighter)           Turns: 2518, Time: 00:02:28

Health: -1/47      AC:  7    Str: 21    XL:     6   Next: 10%
Magic:  5/5        EV:  8    Int:  5    God:    Hepliaklqana [*.....]
Gold:   120        SH: 10    Dex: 11    Spells: 0 memorised, 5 levels left

rFire  . . .     SeeInvis .     a - +0 war axe
rCold  + . .     Gourm    .     b - +0 scale mail
rNeg   . . .     Faith    +     c - +0 shield
rPois  .         Spirit   .     (helmet restricted)
rElec  .         Reflect  .     (no cloak)
rCorr  .         Harm     .     (no gloves)
MR     .....                    (no boots)
Stlth  ..........               t - amulet of faith
                                (no ring)
                                r - ring of protection from cold

@: no status effects
A: retaliatory headbutt, reduced essence, horns 2
a: Recall Ancestor, Ancestor Identity, Renounce Religion


You were on level 5 of the Dungeon.
You worshipped Hepliaklqana.
Hepliaklqana was aware of your devotion.
You were not hungry.

You visited 1 branch of the dungeon, and saw 5 of its levels.

You collected 120 gold pieces.

Inventory:

Hand Weapons
 a - a +0 war axe (weapon)
Armour
 b - a +0 scale mail (worn)
 c - a +0 shield (worn)
Jewellery
 r - a ring of protection from cold (left hand)
 t - an amulet of faith (around neck)
Scrolls
 e - a scroll of fog {unknown}
 g - a scroll of blinking {unknown}
 j - a scroll of identify {unknown}
 k - 3 scrolls of teleportation {unknown}
 l - a scroll of enchant weapon {unknown}
 m - 4 scrolls of remove curse {unknown}
 o - a scroll of immolation {unknown}
 u - a scroll of magic mapping {unknown}
Potions
 d - 2 potions of might
 h - a potion of resistance {unknown}
 i - a potion of mutation {unknown}
 p - a potion of flight {unknown}
 q - a potion of curing {unknown}
 v - a potion of brilliance {unknown}
Books
 s - a book of Changes

   Spells                             Type                      Level
   a - Beastly Appendage              Transmutation                1
   b - Sticks to Snakes               Transmutation                2
   c - Spider Form                    Transmutation/Poison         3
   d - Ice Form                       Ice/Transmutation            4
   e - Blade Hands                    Transmutation                5
Comestibles
 f - 3 bread rations
 n - a meat ration


   Skills:
 + Level 4.6 Fighting
 + Level 4.9 Axes
 + Level 5.2 Armour
 + Level 1.3 Dodging
 + Level 0.1 Stealth
 + Level 4.6 Shields


You had 5 spell levels left.
You didn't know any spells.

Dungeon Overview and Level Annotations

Branches:
Dungeon (5/15)
 Temple: D:4-7

Altars:
Dithmenos
Gozag
Hepliaklqana


Innate Abilities, Weirdness & Mutations

You reflexively headbutt those who attack you in melee.
You have a pair of horns on your head.
Your life essence is reduced. (-10% HP)


Message History

You block the centaur's attack.
Your shield and scale mail prevent you from hitting the centaur.
The centaur is moderately wounded.
The centaur hits you but does no damage.
You block the centaur's attack.
You closely miss the centaur.
The centaur is moderately wounded.
You block the centaur's attack. x2
You hit the centaur.
The centaur is moderately wounded.
The centaur hits you!
* * * LOW HITPOINT WARNING * * *
You block the centaur's attack.
You hit the centaur.
The centaur is heavily wounded.
You block the centaur's attack. x2
You barely miss the centaur.
The centaur is heavily wounded.
You block the centaur's attack. The centaur hits you!
You die...

.......##.#..<#..#
......(##.#.#.#..#
.......##.#.#.#..#
.......##.#.#.#..#
...[...##.#.#.#..#
.......'.....>#(.#
.......##.#......#
.##.......######(#
.##'####### #@#
##.....# #c#
#.....# #.#
#.....# #.#
#.....# #.#
##+#### #.# #.#
#.#


You could see a centaur.

Vanquished Creatures
  A scorpion (D:5)
  A crimson imp (D:5)
  A hound skeleton (D:5)
  A worker ant zombie (D:5)
  4 adders
  An ooze (D:2)
  2 worms (D:3)
  A dart slug (D:1)
  3 leopard geckos
  A giant cockroach (D:3)
  2 hobgoblins
  6 jackals
  A quokka (D:2)
  A ball python (D:3)
  5 bats
  A frilled lizard (D:3)
  6 goblins
  A kobold (D:1)
  4 rats
43 creatures vanquished.

Vanquished Creatures (collateral kills)
  A phantom (D:5)
  An adder (D:3)
  A hobgoblin (D:3)
  A rat (D:3)
4 creatures vanquished.

Vanquished Creatures (others)
  2 ancestors
  5 toadstools (D:1)
7 creatures vanquished.

Grand Total: 54 creatures vanquished

Notes
Turn   | Place    | Note
-------+----------+-------------------------------------------
     0 | D:1      | LORDOFBUTT the Minotaur Fighter began the quest for the Orb.
     0 | D:1      | Reached XP level 1. HP: 19/19 MP: 0/0
   309 | D:1      | Reached XP level 2. HP: 27/27 MP: 1/1
   817 | D:2      | Found a hazy altar of Hepliaklqana.
   836 | D:2      | Reached skill level 4 in Armour
  1069 | D:2      | Became a worshipper of Hepliaklqana the Forgotten
  1109 | D:2      | Found a shadowy altar of Dithmenos.
  1117 | D:2      | Found an opulent altar of Gozag.
  1322 | D:2      | Reached XP level 3. HP: 29/29 MP: 2/2
  1576 | D:3      | Reached XP level 4. HP: 16/36 MP: 3/3
  2160 | D:3      | Reached * piety under Hepliaklqana
  2375 | D:4      | You fall through a shaft!
  2375 | D:5      | Entered Level 5 of the Dungeon
  2375 | D:5      | Noticed a phantom
  2390 | D:5      | Killed a phantom
  2390 | D:5      | Reached skill level 5 in Armour
  2390 | D:5      | Reached skill level 1 in Dodging
  2390 | D:5      | Reached XP level 5. HP: 32/42 MP: 2/4
  2469 | D:5      | Reached XP level 6. HP: 33/47 MP: 5/5
  2518 | D:5      | Slain by a centaur

Vault maps used:
D:1:      ldierk_walled_garden
D:2:      old_standard_altar, minitemple
D:3:      first_bread, st_stairs_10
D:4:      nicolae_ru_awakened_eye, lemuel_round_altar
D:5:      kennysheep_mini

Skill      XL: |  1  2  3  4 |
---------------+-------------+-----
Armour         | 4 5 |  5.2
Fighting       | 4 |  4.6
Shields        | 4 |  4.6
Axes           | 3 4 |  4.9
Dodging        | 1 |  1.3
Stealth        | |  0.1

Action                   |  1- 3 |  4- 6 || total
-------------------------+-------+-------++-------
Melee: War axe           |    61 |    73 ||   134
       Headbutt          |     5 |     7 ||    12
Invok: Recall Ancestor   |       |     1 ||     1
       Ancestor Identity |       |     1 ||     1
  Eat: Pizza             |     1 |       ||     1
       Beef jerky        |     1 |       ||     1
       Meat ration       |       |     1 ||     1
Armor: Scale mail        |    33 |    28 ||    61
Dodge: Dodged            |    28 |    17 ||    45
Block: Shield            |    41 |    43 ||    84
